 Dungeon Crawl Stone Soup version 0.31.0-32-g396128a36d (webtiles) character file.

Game seed: 7654604818332118305

3346 PaiMei the Purveyor of Pain (level 9, -3/70 HPs)
             Began as a Demonspawn Necromancer on Mar 20, 2024.
             Was an Initiate of Kikubaaqudgha.
             Killed by the air
             ... invoked by Gastronok
              (43 damage)
             ... on level 8 of the Dungeon.
             The game lasted 00:16:43 (8275 turns).

PaiMei the Purveyor of Pain (DsNe)                  Turns: 8275, Time: 00:16:43

Health: -3/70      AC: 10    Str:  8    XL:     9   Next: 72%
Magic:  7/18       EV: 15    Int: 26    God:    Kikubaaqudgha [......]
Gold:   416        SH:  0    Dex: 20    Spells: 11/21 levels left

rFire   . . .        F - +2 flail (protect)
rCold   . . .        (no shield)
rNeg    . . .        y - +2 leather armour {rPois}
rPois   +            (no helmet)
rElec   .            u - +0 cloak
rCorr   .            U - +0 pair of gloves
SInv    .            E - +0 pair of boots
Will    .....        n - amulet of magic regeneration
Stlth   ++           f - +6 ring of intelligence
HPRegen 0.31/turn    v - +6 ring of dexterity
MPRegen 0.56/turn

%: no passive effects
@: no status effects
A: molten scales 1, demonic guardian 2, demonic touch 2
a: Renounce Religion


You were on level 8 of the Dungeon.
You worshipped Kikubaaqudgha.
Kikubaaqudgha was noncommittal.
You visited 2 branches of the dungeon, and saw 9 of its levels.
You also visited: Sewer.

You collected 446 gold pieces.
You spent 30 gold pieces at shops.

Inventory:

Hand Weapons
 c - a +0 spear
 F - a +2 flail of protection (weapon)
 T - a +2 heavy sling
Missiles
 h - 12 poisoned darts (quivered)
 C - 3 curare-tipped darts
Armour
 u - a +0 cloak (worn)
 y - a +2 leather armour of poison resistance (worn)
 E - a +0 pair of boots (worn)
 M - a +0 hat
 U - a +0 pair of gloves (worn)
Jewellery
 f - a +6 ring of intelligence (left hand)
 n - an amulet of magic regeneration (around neck)
 o - a ring of wizardry
 v - a +6 ring of dexterity (right hand)
 w - a +6 ring of dexterity
 H - a ring of fire
 J - a ring of fire
 P - a ring of protection from cold
Wands
 x - a wand of charming (5)
 K - a wand of flame (26)
 L - a wand of light (12)
 Q - a wand of roots (2)
 R - a wand of digging (2)
Scrolls
 e - 2 scrolls of fear {unknown}
 g - 2 scrolls of enchant weapon {unknown}
 j - 2 scrolls of enchant armour {unknown}
 k - 5 scrolls of identify {unknown}
 m - 2 scrolls of amnesia {unknown}
 r - 4 scrolls of teleportation
 s - 3 scrolls of acquirement {unknown}
 t - 2 scrolls of fog {unknown}
 D - a scroll of immolation {unknown}
 G - a scroll of vulnerability {unknown}
 I - 2 scrolls of revelation {unknown}
 S - a scroll of noise {unknown}
Potions
 a - 5 potions of invisibility {unknown}
 b - a potion of magic
 d - 3 potions of curing {unknown}
 i - 4 potions of heal wounds {unknown}
 l - a potion of attraction {unknown}
 p - 2 potions of berserk rage {unknown}
 q - 4 potions of brilliance {unknown}
 z - a potion of might {unknown}
 A - a potion of resistance {unknown}
 B - a potion of haste {unknown}
 N - 2 potions of lignification {unknown}
 O - a potion of enlightenment {unknown}


   Skills:
 + Level 6.3 Fighting
 + Level 6.5 Dodging
 - Level 3.0 Stealth
 + Level 6.6 Spellcasting
 + Level 8.8 Necromancy


You had 11 spell levels left.
You knew the following spells:

 Your Spells              Type           Power      Damage    Failure   Level
a - Necrotise             Necr           100%       1d9       1%          1
b - Vampiric Draining     Necr           53%        2d9       1%          3
c - Sublimation of Blood  Necr           53%        N/A       1%          2
d - Animate Dead          Necr           53%        N/A       2%          4

Your spell library contained the following spells:

 Spells                   Type           Power      Damage    Failure   Level
 Kiss of Death            Conj/Necr      100%       2d13      1%          1
 Dispel Undead            Necr           53%        3d19      2%          4
 Cigotuvi's Dreadful Rot  Necr/Alch/Air  46%        N/A       4%          2
 Curse of Agony           Necr           53%        N/A       7%          5
 Foxfire                  Conj/Fire      32%        2x1d5     10%         1
 Sandblast                Erth           16%        2d6       10%         1
 Ensorcelled Hibernation  Hex/Ice        16%        N/A       14%         2
 Anguish                  Hex/Necr       15%        N/A       16%         4
 Martyr's Knell           Necr/Summ      31%        N/A       16%         4
 Confusing Touch          Hex            8%         N/A       28%         3
 Passwall                 Erth           8%         N/A       28%         3
 Stone Arrow              Conj/Erth      16%        3d8       28%         3
 Swiftness                Air            8%         N/A       28%         3
 Death Channel            Necr           26%        N/A       36%         6
 Brom's Barrelling Bould  Conj/Erth      8%         2d3       67%         4
 Cause Fear               Hex            4%         N/A       67%         4
 Petrify                  Alch/Erth      8%         N/A       67%         4
 Irradiate                Conj/Alch      4%         3d13      95%         5
 Plasma Beam              Fire/Air       4%         2x1d14    100%        6
 Starburst                Conj/Fire      4%         6d3       100%        6
 Enfeeble                 Hex            4%         N/A       100%        7


Dungeon Overview and Level Annotations

Branches:
Dungeon (8/15)             Temple (1/1) D:5            Lair (0/5) D:8
  Sewer (visited)

Altars:
Cheibriados
Gozag
Kikubaaqudgha
Makhleb
Nemelex Xobeh
Okawaru
Qazlal
Ru
Trog
Uskayaw
Xom
Yredelemnul

Shops:
D:3 ?   D:6 =

Annotations:
D:6 3 runed translucent doors, Alphaeus's ghost, novice TrSh; seawaffle's ghost, novice MiBe
D:8 Gastronok


Innate Abilities, Weirdness & Mutations

You are partially covered in molten scales. (AC +2)
A demonic guardian rushes to your aid.
Your touch may inflict irresistible damage on your foes.


Message History

You don't have enough magic to cast this spell.
The wyvern attacks as it pursues you! The wyvern bites you.
Casting: Vampiric Draining (safe; 1% risk of failure)
Confirm with . or Enter, or press ? or * to list all spells.
Aiming: Vampiric Draining (safe; 1% risk of failure)
Press: ? - help, Shift-Dir - straight line, f/p - wyvern
Aim: a wyvern (heavily wounded)
You draw life force from the wyvern!
You feel life coursing into your body. The wyvern bites you.
The wyvern misses you. The wyvern attacks as it pursues you!
The wyvern bites you.
Casting: Vampiric Draining (safe; 1% risk of failure)
Confirm with . or Enter, or press ? or * to list all spells.
You don't have enough magic to cast this spell.
The wyvern bites you.
Casting: Vampiric Draining (safe; 1% risk of failure)
Confirm with . or Enter, or press ? or * to list all spells.
You don't have enough magic to cast this spell.
Casting: Vampiric Draining (safe; 1% risk of failure)
Confirm with . or Enter, or press ? or * to list all spells.
You don't have enough magic to cast this spell.
Casting: Vampiric Draining (safe; 1% risk of failure)
Confirm with . or Enter, or press ? or * to list all spells.
You don't have enough magic to cast this spell.
The wyvern barely misses you.
Casting: Vampiric Draining (safe; 1% risk of failure)
Confirm with . or Enter, or press ? or * to list all spells.
Aiming: Vampiric Draining (safe; 1% risk of failure)
Press: ? - help, Shift-Dir - straight line, f/p - wyvern
Aim: a wyvern (almost dead)
You draw life force from the wyvern!
You kill the wyvern!
Kikubaaqudgha accepts your kill.
You feel life coursing into your body.
You see here 6 stones.
Gastronok waves his eye-stalks in wide circles.
The air twists around and strikes you!!!
Ouch! That really hurt!
You die...
Gastronok gurgles, "Time to dig in!"
Kikubaaqudgha rasps: "You have failed me!
Welcome... death!"

##### #....###.>..#
w....###.########.#####
...............#......#
......................#
###......##..###......#
##......(###..........#
##...###..# ####.#.#####
##...w.##..######.#.# .
#.......#>@.†..w†.#.#
...#..P..P.#...####.†#.#
..........[...##
#....#######
............###
####........
.......>.....# #.###....
...?.........# #.##.....
................
#.##.....
...#.P.(PP.##.#..
#.##..... .. #..P.P..#
.#... #.###....


You could see Gastronok (swift).

Vanquished Creatures
  A basilisk (D:8)
  A yak (D:8)
  2 wyverns
  A steam dragon (D:8)
  Edmund (D:5)
  A water moccasin (D:7)
  An ice beast (D:5)
  2 sky beasts (D:7)
  2 black bears
  A phantom (D:6)
  4 kobold brigands
  2 brain worms (Sewer)
  A scorpion (D:7)
  6 wights
  3 howler monkeys (D:7)
  A bombardier beetle (D:6)
  A hound (D:7)
  A jelly (D:6)
  2 sleepcaps
  An iguana (D:4)
  Ijyb (D:3)
  An orc wizard (D:6)
  7 gnolls
  8 adders
  3 river rats (Sewer)
  A shadow imp (D:8)
  2 white imps (D:6)
  2 ufetubi (D:6)
  A ribbon worm (D:2)
  A dart slug (D:3)
  4 orcs
  9 endoplasms
  3 giant cockroaches
  6 goblins
  2 hobgoblins
  8 jackals
  14 kobolds
  3 quokkas
  9 ball pythons
  3 bats
  3 frilled lizards
  15 rats
141 creatures vanquished.

Vanquished Creatures (collateral kills)
  Joseph (D:7)
  An ice beast (D:7)
  A wight (D:7)
  A jelly (D:7)
  An adder (Sewer)
  3 hobgoblins
  A quokka (D:1)
  A ball python (Sewer)
  A frilled lizard (Sewer)
  2 kobolds
  A rat (D:2)
14 creatures vanquished.

Grand Total: 155 creatures vanquished

Notes
Turn   | Place    | Note
-------+----------+-------------------------------------------
     0 | D:1      | PaiMei the Demonspawn Necromancer began the quest for the
                  | Orb.
     0 | D:1      | Reached XP level 1. HP: 13/13 MP: 3/3
   254 | D:1      | Gained mutation: Your touch may inflict minor irresistible
                  | damage on your foes. [demonic ancestry]
   254 | D:1      | Reached XP level 2. HP: 7/19 MP: 5/5
   637 | D:1      | You fall into a shaft and drop 1 floor!
   644 | D:2      | Reached XP level 3. HP: 24/24 MP: 4/6
  1163 | D:2      | Learned a level 3 spell: Vampiric Draining
  1211 | D:2      | Learned a level 2 spell: Sublimation of Blood
  1284 | D:3      | Noticed an ogre
  1583 | D:3      | Found Boamisch's Magic Scroll Shop.
  1600 | D:3      | Bought a scroll of teleportation for 30 gold pieces
  1622 | D:3      | Reached XP level 4. HP: 30/30 MP: 5/7
  2123 | D:3      | Noticed Ijyb
  2164 | D:3      | Killed Ijyb
  2165 | D:3      | Reached skill level 5 in Necromancy
  2568 | D:4      | Gained mutation: A weak demonic guardian rushes to your
                  | aid. [demonic ancestry]
  2568 | D:4      | Reached XP level 5. HP: 35/35 MP: 3/9
  3241 | D:5      | Entered Level 5 of the Dungeon
  3313 | D:5      | Noticed Edmund
  3371 | D:5      | Found a glowing drain.
  3396 | Sewer    | Entered a sewer
  3526 | Sewer    | Reached skill level 1 in Fighting
  3627 | Sewer    | Reached XP level 6. HP: 31/43 MP: 1/11
  3912 | Sewer    | Reached skill level 6 in Necromancy
  3912 | Sewer    | Gained mutation: A demonic guardian rushes to your aid.
                  | [demonic ancestry]
  3912 | Sewer    | Reached XP level 7. HP: 44/51 MP: 4/12
  4553 | D:5      | Found a staircase to the Ecumenical Temple.
  4614 | Temple   | Entered the Ecumenical Temple
  5272 | D:5      | Killed Edmund
  5513 | D:6      | Found a runed translucent gate.
  5514 | D:6      | Found a runed translucent gate.
  5514 | D:6      | Found a runed translucent gate.
  5536 | D:6      | Noticed Alphaeus's ghost (novice TrSh)
  5536 | D:6      | Noticed seawaffle's ghost (novice MiBe)
  5854 | D:6      | Found Jacrorphi's Jewellery Shop.
  5954 | D:6      | Gained mutation: You are partially covered in molten
                  | scales. (AC +2) [demonic ancestry]
  5954 | D:6      | Reached XP level 8. HP: 53/60 MP: 5/15
  6648 | D:7      | Reached skill level 7 in Necromancy
  6691 | D:7      | Reached skill level 5 in Spellcasting
  6716 | D:7      | Learned a level 4 spell: Animate Dead
  6720 | D:7      | Reached skill level 5 in Dodging
  7261 | D:7      | Reached skill level 5 in Fighting
  7298 | D:7      | Gained mutation: Your touch may inflict irresistible damage
                  | on your foes. [demonic ancestry]
  7298 | D:7      | Reached XP level 9. HP: 62/68 MP: 17/17
  7356 | D:7      | Noticed Joseph
  7360 | D:7      | Found a bloodstained altar of Trog.
  7367 | D:7      | Killed Joseph
  7368 | D:7      | Reached skill level 8 in Necromancy
  7388 | D:7      | Found a basalt altar of Yredelemnul.
  7388 | D:7      | Found an opulent altar of Gozag.
  7389 | D:7      | Found a sparkling altar of Nemelex Xobeh.
  7393 | D:7      | Found an ancient bone altar of Kikubaaqudgha.
  7396 | D:7      | Became a worshipper of Kikubaaqudgha
  7973 | D:8      | Noticed Gastronok
  7978 | D:8      | Found a staircase to the Lair.
  8275 | D:8      | Killed from afar by Gastronok

Illustrated notes

Levels and vault maps discovered:
D:1:      onia_arrival_handbag, layout_basic, serial_bayou,
          serial_bayou_lagoon_a, serial_bayou_pond_a, serial_bayou_shore_a,
          serial_bayou_ford_a, minmay_hexomino_u4
D:2:      layout_basic, nicolae_elevator_lobby_asterisk
D:3:      layout_basic, serial_shops, shop, corner_web_ring, uniq_ijyb
D:4:      cheibrodos_helix_gallery, layout_cave_pods
D:5:      layout_basic, minmay_temple_entry_hall, cheibrodos_sewer_entry_drain,
          corexii_item_surrounded_by_moat, minmay_misc_feat_square, uniq_edmund
D:6:      layout_loops_corners, gammafunk_ghost_cemetery, serial_shops,
          nicolae_shop_rolling_square, eino_small_chamber_without_monster
D:7:      layout_loops_ring, minitemple, minmay_misc_feat_encased, uniq_joseph
D:8:      layout_rooms, nicolae_vehumet_radiance, david_lair_generic,
          serial_shops, nicolae_shop_trees, uniq_gastronok
Temple:   eino_temple_lava

Skill      XL: |  1  2  3  4  5  6  7  8  9 |
---------------+----------------------------+-----
Dodging        | 2 3 4 5 6 |  6.5
Stealth        | 2 3 |  3.0
Necromancy     | 5 6 7 8 |  8.8
Spellcasting   | 3 4 5 6 |  6.6
Fighting       | 1 2 3 5 6 |  6.3

Action                     |  1- 3 |  4- 6 |  7- 9 || total
---------------------------+-------+-------+-------++-------
  Melee: Spear             |    22 |    27 |       ||    49
         Touch             |     2 |     6 |    17 ||    25
         Punch             |       |     1 |     2 ||     3
         Flail             |       |       |    70 ||    70
   Cast: Necrotise         |    55 |   104 |    62 ||   221
         Vampiric Draining |       |    12 |    61 ||    73
         Animate Dead      |       |       |     1 ||     1
         Sublimation of Bl |       |       |     1 ||     1
   Stab: Distracted        |     1 |       |       ||     1
 Armour: Robe              |    23 |    11 |       ||    34
         Leather armour    |       |    21 |   108 ||   129
  Dodge: Dodged            |    28 |    66 |   136 ||   230
